SNL (28 & UNDER)
BEAUMONT ROUGHNECKS @ WEST VIRGINIA POWER
05/28/2029
 
TOP OF THE 1ST
Beaumont Roughnecks batting - Pitching for West Virginia Power : RHP Bob Howe
Pitching: RHP Bob Howe
Batting: RHB John James 0-0: Called Strike
0-1: Ball
1-1: Ball
2-1: Ball
3-1: SINGLE (Line Drive, 7LS)
Batting: RHB Darwin Crane 0-0: Swinging Strike
0-1: Ball
1-1: Foul Ball, location: 2F
1-2: Strikes out swinging
Batting: RHB Roger Rush 0-0: Ball
1-0: Grounds into double play, 4-6-3 (Groundball, 4)
Top of the 1st over - 0 runs, 1 hit, 0 errors, 0 left on base; Beaumont 0 - West Virginia 0
BOTTOM OF THE 1ST
West Virginia Power batting - Pitching for Beaumont Roughnecks : RHP George Floyd
Pitching: RHP George Floyd
Batting: RHB Matt Tucker 0-0: SINGLE (Line Drive, 8RS)
Batting: RHB Julián Garza 0-0: Ball
1-0: Ball
2-0: Called Strike
Matt Tucker steals 2nd base
2-1: Foul Ball, location: 2F
2-2: Foul Ball, location: 2F
2-2: Fly out, F8 (Flyball, 8RD)
Runner from 2nd tags up, SAFE at 3rd with throw
Batting: RHB Joe Salas 0-0: Called Strike
0-1: Ball
1-1: 2-RUN HOME RUN (Flyball, 7LD), Distance : 325 ft
Batting: LHB Edward Bennett 0-0: Ball
1-0: Fly out, F7 (Flyball, 78XD)
Batting: RHB Luis Quezada 0-0: Ball
1-0: Ground out 5-3 (Groundball, 56)
Bottom of the 1st over - 2 runs, 2 hits, 0 errors, 0 left on base; Beaumont 0 - West Virginia 2
TOP OF THE 2ND
Beaumont Roughnecks batting - Pitching for West Virginia Power : RHP Bob Howe
Batting: RHB Si-xun Li 0-0: Ball
1-0: DOUBLE (Line Drive, 7LS)
Batting: RHB Marvin Johnson 0-0: Called Strike
0-1: Foul Ball, location: 2F
0-2: Ball
1-2: Foul Ball, location: 2F
1-2: Ball
2-2: 2-RUN HOME RUN (Flyball, 7LD), Distance : 344 ft
Batting: RHB Michael Kent 0-0: Called Strike
0-1: Swinging Strike
0-2: Ground out 6-3 (Groundball, 56)
Batting: RHB António Aguilar 0-0: Ball
1-0: Ground out 2-3 (Groundball, 2L)
Batting: RHB Miguel Costa 0-0: Foul Ball, location: 2F
0-1: Ball
1-1: Swinging Strike
1-2: Ball
2-2: Ball
3-2: Strikes out swinging
Top of the 2nd over - 2 runs, 2 hits, 0 errors, 0 left on base; Beaumont 2 - West Virginia 2
BOTTOM OF THE 2ND
West Virginia Power batting - Pitching for Beaumont Roughnecks : RHP George Floyd
Batting: RHB Joaquín Vásquez 0-0: Swinging Strike
0-1: Fly out, F9 (Flyball, 9)
Batting: RHB Millard Walker 0-0: Called Strike
0-1: Foul Ball, location: 2F
0-2: Strikes out looking
Batting: RHB Vaughan Shelton 0-0: Called Strike
0-1: SINGLE (Line Drive, 6M)
Batting: RHB Daniel Martínez 0-0: Ball
1-0: Called Strike
1-1: Called Strike
1-2: Strikes out swinging
Bottom of the 2nd over - 0 runs, 1 hit, 0 errors, 1 left on base; Beaumont 2 - West Virginia 2
TOP OF THE 3RD
Beaumont Roughnecks batting - Pitching for West Virginia Power : RHP Bob Howe
Batting: SHB Walton Locke 0-0: Called Strike
0-1: Foul Ball, location: 2F
0-2: Ball
1-2: Ground out 4-3 (Groundball, 4)
Batting: RHB John James 0-0: SINGLE (Flyball, 9LS)
Batting: RHB Darwin Crane 0-0: Ball
1-0: Ball
2-0: Ball
3-0: Foul Ball, location: 2F
3-1: Base on Balls
John James to second
Batting: RHB Roger Rush 0-0: Ball
1-0: Ball
2-0: Ball
3-0: Base on Balls
John James to third
Darwin Crane to second
Batting: RHB Si-xun Li 0-0: Hit by Pitch
John James scores
Darwin Crane to third
Roger Rush to second
Batting: RHB Marvin Johnson 0-0: Ball
1-0: Ball
2-0: SINGLE (Groundball, 6MD)
Darwin Crane scores
Roger Rush to third
Si-xun Li to second
Runner from 3rd tries for Home, SAFE, throw made home
Batting: RHB Michael Kent 0-0: Ball
1-0: Ball
2-0: Called Strike
2-1: Swinging Strike
2-2: Foul Ball, location: 2F
2-2: Strikes out looking
Pitching: RHP Esteban Garza
Batting: RHB António Aguilar 0-0: Called Strike
0-1: SINGLE (Groundball, 56D)
Si-xun Li to third
Marvin Johnson to second
Runner from 3rd tries for Home, SAFE, no throw
Batting: RHB Miguel Costa 0-0: Ball
1-0: Swinging Strike
1-1: Ground out 5-3 (Groundball, 56S)
Top of the 3rd over - 4 runs, 3 hits, 0 errors, 2 left on base; Beaumont 6 - West Virginia 2
BOTTOM OF THE 3RD
West Virginia Power batting - Pitching for Beaumont Roughnecks : RHP George Floyd
Batting: RHB Matt Tucker 0-0: Called Strike
0-1: Ball
1-1: Ball
2-1: Ground out 1-3 (Groundball, 13S)
Batting: RHB Julián Garza 0-0: Swinging Strike
0-1: Ball
1-1: Foul Ball, location: 2F
1-2: Foul Ball, location: 2F
1-2: Strikes out swinging
Batting: RHB Joe Salas 0-0: Ball
1-0: Ball
2-0: Called Strike
2-1: Swinging Strike
2-2: Ball
3-2: Fly out, F4 (Line Drive, 4M)
Bottom of the 3rd over - 0 runs, 0 hits, 0 errors, 0 left on base; Beaumont 6 - West Virginia 2
TOP OF THE 4TH
Beaumont Roughnecks batting - Pitching for West Virginia Power : RHP Esteban Garza
Batting: SHB Walton Locke 0-0: Ball
1-0: Ball
2-0: Fly out, F8 (Flyball, 78S)
Batting: RHB John James 0-0: Ball
1-0: Called Strike
1-1: Ball
2-1: Ground out 5-3 (Groundball, 56)
Batting: RHB Darwin Crane 0-0: Called Strike
0-1: Ball
1-1: Fly out, F8 (Flyball, 8LXD)
Top of the 4th over - 0 runs, 0 hits, 0 errors, 0 left on base; Beaumont 6 - West Virginia 2
BOTTOM OF THE 4TH
West Virginia Power batting - Pitching for Beaumont Roughnecks : RHP George Floyd
Batting: LHB Edward Bennett 0-0: DOUBLE (Line Drive, 9LM)
Batting: RHB Luis Quezada 0-0: Foul Ball, location: 2F
0-1: Called Strike
0-2: Ball
1-2: SINGLE (Groundball, 6MD)
Edward Bennett to third
Batting: RHB Joaquín Vásquez 0-0: Ball
1-0: Foul Ball, location: 2F
1-1: Ball
2-1: Foul Ball, location: 2F
2-2: Strikes out swinging
Batting: RHB Millard Walker 0-0: Ball
1-0: Grounds into double play, 6-4-3 (Groundball, 6)
Bottom of the 4th over - 0 runs, 2 hits, 0 errors, 1 left on base; Beaumont 6 - West Virginia 2
TOP OF THE 5TH
Beaumont Roughnecks batting - Pitching for West Virginia Power : RHP Esteban Garza
Batting: RHB Roger Rush 0-0: Foul Ball, location: 2F
0-1: DOUBLE (Flyball, 89XD)
Batting: RHB Si-xun Li 0-0: Ball
1-0: Swinging Strike
1-1: Swinging Strike
1-2: Strikes out swinging
Batting: RHB Marvin Johnson 0-0: Intentional Walk
Batting: RHB Michael Kent 0-0: Ball
1-0: Called Strike
1-1: Ball
2-1: Ball
3-1: Called Strike
3-2: Foul Ball, location: 2F
3-2: Foul Ball, location: 2F
3-2: SINGLE (Line Drive, 78S)
Roger Rush to third
Marvin Johnson to second
Batting: RHB António Aguilar 0-0: Ball
1-0: Swinging Strike
1-1: Called Strike
1-2: SINGLE (Line Drive, 4MD)
Roger Rush scores
Marvin Johnson to third
Michael Kent to second
Batting: RHB Miguel Costa 0-0: Swinging Strike
0-1: Swinging Strike
0-2: Strikes out swinging
Batting: SHB Walton Locke 0-0: Ball
1-0: Called Strike
1-1: Foul Ball, location: 2F
1-2: Foul Ball, location: 2F
1-2: Ball
2-2: Strikes out swinging
Top of the 5th over - 1 run, 3 hits, 0 errors, 3 left on base; Beaumont 7 - West Virginia 2
BOTTOM OF THE 5TH
West Virginia Power batting - Pitching for Beaumont Roughnecks : RHP George Floyd
Batting: RHB Vaughan Shelton 0-0: Called Strike
0-1: Ball
1-1: Foul Ball, location: 2F
1-2: Strikes out looking
Batting: RHB Daniel Martínez 0-0: Called Strike
0-1: Ball
1-1: Called Strike
1-2: Strikes out swinging
Batting: RHB Matt Tucker 0-0: Ground out 6-3 (Groundball, 6S)
Bottom of the 5th over - 0 runs, 0 hits, 0 errors, 0 left on base; Beaumont 7 - West Virginia 2
TOP OF THE 6TH
Beaumont Roughnecks batting - Pitching for West Virginia Power : RHP Esteban Garza
Batting: RHB John James 0-0: Swinging Strike
0-1: Fly out, F3 (Popup, 3S)
Batting: RHB Darwin Crane 0-0: Ground out 6-3 (Groundball, 6M)
Batting: RHB Roger Rush 0-0: Ball
1-0: Fly out, F7 (Line Drive, 7D)
Top of the 6th over - 0 runs, 0 hits, 0 errors, 0 left on base; Beaumont 7 - West Virginia 2
BOTTOM OF THE 6TH
West Virginia Power batting - Pitching for Beaumont Roughnecks : RHP George Floyd
Batting: RHB Julián Garza 0-0: Foul Ball, location: 2F
0-1: Fly out, F8 (Flyball, 89D)
Batting: RHB Joe Salas 0-0: Ball
1-0: Called Strike
1-1: Fly out, F7 (Flyball, 7S)
Batting: LHB Edward Bennett 0-0: SINGLE (Groundball, 6D)
Batting: RHB Luis Quezada 0-0: Called Strike
0-1: Ball
1-1: Foul Ball, location: 2F
1-2: Ground out 5-3 (Groundball, 56S)
Bottom of the 6th over - 0 runs, 1 hit, 0 errors, 1 left on base; Beaumont 7 - West Virginia 2
TOP OF THE 7TH
Beaumont Roughnecks batting - Pitching for West Virginia Power : RHP Esteban Garza
Pitching: RHP Roberto Marino
Batting: RHB Si-xun Li 0-0: Called Strike
0-1: Ball
1-1: Ball
2-1: Ball
3-1: Swinging Strike
3-2: Base on Balls
Batting: RHB Marvin Johnson 0-0: Ball
1-0: Called Strike
1-1: Ball
2-1: Called Strike
2-2: Foul Ball, location: 2F
2-2: Ball
Error on foul ball, E7
3-2: Foul Ball, location: 2F
3-2: 2-RUN HOME RUN (Flyball, 9LD), Distance : 344 ft
Batting: RHB Michael Kent 0-0: Fly out, F9 (Flyball, 9S)
Batting: RHB António Aguilar 0-0: Called Strike
0-1: Foul Ball, location: 2F
0-2: Ball
1-2: Fly out, F6 (Flyball, 56D)
Batting: RHB Miguel Costa 0-0: Ball
1-0: Foul Ball, location: 2F
1-1: Foul Ball, location: 2F
1-2: Foul Ball, location: 2F
1-2: Fly out, F9 (Line Drive, 9S)
Top of the 7th over - 2 runs, 1 hit, 1 error, 0 left on base; Beaumont 9 - West Virginia 2
BOTTOM OF THE 7TH
West Virginia Power batting - Pitching for Beaumont Roughnecks : RHP George Floyd
Batting: RHB Joaquín Vásquez 0-0: Ball
1-0: Swinging Strike
1-1: Ground out 4-3 (Groundball, 4S)
Batting: RHB Millard Walker 0-0: Ball
1-0: Ball
2-0: Ball
3-0: Base on Balls
Pitching: RHP Gustavo Rodríguez
Batting: RHB Vaughan Shelton 0-0: Swinging Strike
0-1: Called Strike
0-2: Ball
1-2: Foul Ball, location: 2F
1-2: Ball
2-2: Strikes out swinging
Batting: RHB Daniel Martínez 0-0: Called Strike
0-1: Called Strike
0-2: Ball
1-2: Strikes out swinging
Bottom of the 7th over - 0 runs, 0 hits, 0 errors, 1 left on base; Beaumont 9 - West Virginia 2
TOP OF THE 8TH
Beaumont Roughnecks batting - Pitching for West Virginia Power : RHP Roberto Marino
Batting: SHB Walton Locke 0-0: Called Strike
0-1: Ground out 6-3 (Groundball, 6)
Batting: RHB John James 0-0: Ball
1-0: Ball
2-0: Ball
3-0: Base on Balls
Batting: RHB Darwin Crane 0-0: Ball
1-0: SINGLE (Groundball, 56D)
John James to second
Batting: RHB Roger Rush 0-0: Ball
1-0: Foul Ball, location: 2F
1-1: Fly out, F7 (Flyball, 7LM)
Batting: RHB Si-xun Li 0-0: Called Strike
0-1: Called Strike
0-2: Foul Ball, location: 2F
0-2: Strikes out swinging
Top of the 8th over - 0 runs, 1 hit, 0 errors, 2 left on base; Beaumont 9 - West Virginia 2
BOTTOM OF THE 8TH
West Virginia Power batting - Pitching for Beaumont Roughnecks : RHP Gustavo Rodríguez
Batting: RHB Matt Tucker 0-0: Ball
1-0: Ground out 5-3 (Groundball, 56)
Batting: RHB Julián Garza 0-0: Called Strike
0-1: Ground out 4-3 (Groundball, 4)
Batting: RHB Joe Salas 0-0: Ball
1-0: Foul Ball, location: 2F
1-1: Foul Ball, location: 2F
1-2: Ball
2-2: Ground out U3 (Groundball, 3)
Bottom of the 8th over - 0 runs, 0 hits, 0 errors, 0 left on base; Beaumont 9 - West Virginia 2
TOP OF THE 9TH
Beaumont Roughnecks batting - Pitching for West Virginia Power : RHP Roberto Marino
Batting: RHB Marvin Johnson 0-0: Ball
1-0: Ball
2-0: Ball
3-0: Base on Balls
Batting: RHB Michael Kent 0-0: Foul Ball, location: 2F
0-1: Ball
1-1: DOUBLE (Groundball, 3L)
Marvin Johnson to third
Batting: RHB António Aguilar 0-0: Called Strike
0-1: Called Strike
0-2: Strikes out looking
Batting: RHB Miguel Costa 0-0: Swinging Strike
0-1: Ball
1-1: 3-RUN HOME RUN (Flyball, 7LD), Distance : 333 ft
Batting: SHB Walton Locke 0-0: Called Strike
0-1: Called Strike
0-2: Foul Ball, location: 2F
0-2: Fly out, F9 (Flyball, 9D)
Batting: RHB John James 0-0: Called Strike
0-1: Called Strike
0-2: Foul Ball, location: 2F
0-2: SINGLE (Groundball, 4MD)
Batting: RHB Darwin Crane 0-0: Called Strike
John James steals 2nd base
0-1: Ball
1-1: Ball
2-1: Ball
3-1: Ground out 6-3 (Groundball, 6)
Top of the 9th over - 3 runs, 3 hits, 0 errors, 1 left on base; Beaumont 12 - West Virginia 2
BOTTOM OF THE 9TH
West Virginia Power batting - Pitching for Beaumont Roughnecks : RHP Gustavo Rodríguez
Batting: LHB Edward Bennett 0-0: Called Strike
0-1: Ball
1-1: Ground out 4-3 (Groundball, 4)
Batting: RHB Luis Quezada 0-0: Called Strike
0-1: Ball
1-1: Fly out, F9 (Flyball, 9LSF)
Batting: RHB Joaquín Vásquez 0-0: Called Strike
0-1: Ball
1-1: Ball
2-1: Swinging Strike
2-2: Strikes out swinging
Bottom of the 9th over - 0 runs, 0 hits, 0 errors, 0 left on base; Beaumont 12 - West Virginia 2
Saturday, December 16th, 2017 - OOTP Baseball 18.8 Build 76